 Dungeon Crawl Stone Soup version 0.18.1-48-g4cf74bf (webtiles) character file.

68 Alarkh the Cudgeler (level 4, -1/33 HPs)
             Began as a Mummy Skald on Aug 16, 2016.
             Slain by a goblin
             ... wielding a +0 club
             ... led by Robin
              (2 damage)
             ... on level 2 of the Dungeon.
             The game lasted 00:02:43 (1456 turns).

Alarkh the Cudgeler (Mummy Skald)                   Turns: 1456, Time: 00:02:44

Health: -1/33      AC:  9    Str: 15    XL:     4   Next: 1%
Magic:  7/7        EV: 11    Int: 12    God:
Gold:   50         SH:  5    Dex: 11    Spells: 3 memorised, 1 level left

rFire  x . .     SeeInvis .     i - +3 mace (protect)
rCold  + . .     Gourm    .     b - +0 leather armour
rNeg   + + +     Faith    .     (no shield)
rPois  ∞         Spirit   .     (no helmet)
rElec  .         Dismiss  .     (no cloak)
rCorr  .         Reflect  +     (no gloves)
SustAt .         Harm     .     g - +0 pair of boots
MR     .....                    d - +5 amulet of reflection
Stlth  +.........               (no ring)
                                (no ring)

@: not resistant to hostile enchantments, very unstealthy
A: no food or potions, fire vulnerability, cold resistance 1, negative energy
resistance 3, torment resistance, unbreathing
a: no special abilities


You were on level 2 of the Dungeon.
You were not hungry.

You visited 1 branch of the dungeon, and saw 2 of its levels.

You collected 50 gold pieces.

Inventory:

Hand Weapons
 a - a +0 mace
 i - a +3 mace of protection (weapon)
Armour
 b - a +0 leather armour (worn)
 f - a +0 pair of boots
 g - a +0 pair of boots (worn)
Jewellery
 d - a +5 amulet of reflection (around neck)
Scrolls
 e - 2 scrolls of remove curse
Books
 c - a book of Battle

   Spells                             Type                      Level
   a - Infusion                       Charms                       1
   b - Shroud of Golubria             Charms/Translocation         2
   c - Song of Slaying                Charms                       2
   d - Spectral Weapon                Hexes/Charms                 3
   e - Regeneration                   Charms/Necromancy            3


   Skills:
 - Level 2.0 Fighting
 + Level 3.5 Maces & Flails
 - Level 0.7 Armour
 - Level 0.7 Dodging
 - Level 2.0 Spellcasting
 - Level 2.4 Charms


You had one spell level left.
You knew the following spells:

 Your Spells              Type           Power        Failure   Level  Hunger
a - Infusion              Chrm           #...         14%         1    N/A
b - Shroud of Golubria    Chrm/Tloc      #.........   34%         2    N/A
c - Spectral Weapon       Hex/Chrm       #.......     69%         3    N/A

Dungeon Overview and Level Annotations

Branches:
Dungeon (2/15)

Altars:
Makhleb
Nemelex Xobeh
Xom

Annotations:
D:2 Robin, Sigmund


Innate Abilities, Weirdness & Mutations

You do not eat or drink.
Your flesh is vulnerable to fire.
You are immune to poison.
Your flesh is cold resistant.
You are immune to negative energy.
You are immune to unholy pain and torment.
You can survive without breathing.


Message History

Deactivating autopickup; reactivate with Ctrl-A.
You block Robin's attack. The goblin misses you.
You miss the goblin. You block the hobgoblin's attack.
The goblin hits you with a club.
* * * LOW HITPOINT WARNING * * *
The goblin closely misses you.
The hobgoblin hits you but does no damage.
You block the goblin's attack. x2
Unknown command.
You barely miss the goblin.
The hobgoblin hits you but does no damage.
You block the goblin's attack. x2
The hobgoblin hits you but does no damage.
The goblin misses you. The goblin hits you.
* * * LOW HITPOINT WARNING * * *
You block the hobgoblin's attack.
You barely miss the goblin. The goblin hits you.
* * * LOW HITPOINT WARNING * * *
The goblin hits you with a club.
You die...

#≈≈..####.......'(.......#
.
..≈^...^#.......##.......#
#. ##
_≈≈_≈...........##.......#
... #.
..≈≈_≈^##...w...##....(..#
....#.
≈..♣._.##.......##....####
....#.
#.♣.#≈##........##....####
.....@
###^###..#########.......#
...!.. #.....##
#gg.###...#....##.
##############@g.#
#...+.#.. +.
#.....ggg.###...# ## #.
#......g....##.###### #.
#..........{....g...# #.
#...........##..###.# #.
#########.......# #.# #.
#.....### #.# #. #...###
#.# ## #...# #.####


You could see Robin, 2 hobgoblins and 4 goblins.

Vanquished Creatures
  4 adders
  3 dart slugs (D:1)
  4 hobgoblins
  3 kobolds (D:2)
  4 bats
  6 giant newts
  5 goblins
  2 rats
31 creatures vanquished.

Notes
Turn   | Place    | Note
--------------------------------------------------------------
     0 | D:1      | Alarkh the Mummy Skald began the quest for the Orb.
     0 | D:1      | Reached XP level 1. HP: 16/16 MP: 3/3
    61 | D:1      | Reached skill level 2 in Maces & Flails
   270 | D:1      | Reached XP level 2. HP: 16/22 MP: 3/5
   381 | D:1      | Found a sparkling altar of Nemelex Xobeh.
   531 | D:2      | Found a burning altar of Makhleb.
   648 | D:2      | Learned a level 2 spell: Shroud of Golubria
   666 | D:2      | Reached XP level 3. HP: 9/27 MP: 1/6
   671 | D:2      | Learned a level 3 spell: Spectral Weapon
   756 | D:2      | Found a shimmering altar of Xom.
   756 | D:2      | Found a shimmering altar of Xom.
   757 | D:2      | Found a shimmering altar of Xom.
   758 | D:2      | Found a shimmering altar of Xom.
   758 | D:2      | Found a shimmering altar of Xom.
   759 | D:2      | Found a shimmering altar of Xom.
   810 | D:2      | Reached skill level 3 in Maces & Flails
  1069 | D:2      | Noticed Robin
  1241 | D:2      | Noticed Sigmund
  1451 | D:2      | Reached XP level 4. HP: 18/33 MP: 7/7
  1456 | D:2      | HP: 1/33 [goblin[Robin] (4)]
  1456 | D:2      | Slain by a goblin

Skill      XL: |  1  2  3 |
---------------+----------+-----
Maces & Flails | 2 3 |  3.5
Fighting       | |  2.0
Armour         | |  0.7
Dodging        | |  0.7
Spellcasting   | |  2.0
Charms         | |  2.4

Action                   |  1- 3 |  4- 6 || total
-------------------------+-------+-------++-------
Melee: Mace              |   115 |     4 ||   119
 Cast: Infusion          |    13 |       ||    13
       Shroud of Golubri |     1 |       ||     1
  Use: Scroll            |     1 |     1 ||     2
Armor: Leather armour    |    40 |     8 ||    48
Dodge: Dodged            |    75 |     5 ||    80
Block: Other             |    26 |    10 ||    36
